 Dungeon Crawl Stone Soup version 0.30-a0-738-g116ff8c4af (webtiles) character file.

Game seed: 15615794148317794925

2021 Strat the Slicer (level 9, -7/67 (71) HPs)
             Began as a Red Draconian Reaver on Feb 3, 2023.
             Was a Follower of Wu Jian.
             Mangled by a wight
             ... wielding a +0 great sword
              (19 damage)
             ... on level 6 of the Dungeon.
             The game lasted 00:15:23 (7107 turns).

Strat the Slicer (Red Draconian Reaver)             Turns: 7107, Time: 00:15:23

HP:   -7/67 (71)    AC: 10    Str: 15    XL:     9   Next: 3%
MP:   11/12         EV: 12    Int: 14    God:    Wu Jian [*.....]
Gold: 408           SH:  0    Dex: 13    Spells: 6/12 levels left

rFire   + . .      SeeInvis .    a - +4 short sword
rCold   . . .      Faith    .    (no shield)
rNeg    + . .      Spirit   .    (body armour unavailable)
rPois   .          Reflect  .    (helmet restricted)
rElec   .          Harm     .    d - +0 cloak
rCorr   .          Rampage  .    (no gloves)
Will    .....                    v - +1 pair of boots
Stlth   +++                      (no amulet)
HPRegen 0.31/turn                n - ring of positive energy
MPRegen 0.13/turn                (no ring)

@: about to teleport, drained
A: breathe fire, AC +7, unfitting armour, fire resistance 1, cold-blooded
a: Breathe Fire, Renounce Religion


You were on level 6 of the Dungeon.
You worshipped Wu Jian.
Wu Jian was aware of your devotion.
You visited 1 branch of the dungeon, and saw 6 of its levels.

You collected 432 gold pieces.
You spent 24 gold pieces at shops.

Inventory:

Hand Weapons
 a - a +4 short sword (weapon)
 u - a +4 dagger of freezing
Missiles
 m - 6 datura-tipped darts
Armour
 d - a +0 cloak (worn)
 v - a +1 pair of boots (worn)
Jewellery
 n - a ring of positive energy (left hand)
 q - a ring of flight
Wands
 r - a wand of flame (11)
 s - a wand of light (15)
Scrolls
 c - a scroll of amnesia
 g - a scroll of magic mapping
 h - 5 scrolls of teleportation
 t - a scroll of fog
Potions
 f - 3 potions of might
 i - a potion of haste
 j - 3 potions of curing
 l - a potion of brilliance {unknown}
 o - a potion of degeneration {unknown}
 p - a potion of resistance {unknown}


   Skills:
 - Level 4.0 Fighting
 + Level 9.4 Short Blades
 - Level 1.7 Dodging
 + Level 6.7 Stealth
 - Level 2.0 Spellcasting
 - Level 3.7 Conjurations


You had 6 spell levels left.
You knew the following spells:

 Your Spells              Type           Power      Damage    Failure   Level
a - Kiss of Death         Conj/Necr      24%        2d7       11%         1
b - Momentum Strike       Conj/Tloc      12%        3d8       17%         2
c - Searing Ray           Conj           22%        2d5       8%          2
d - Apportation           Tloc           2%         N/A       24%         1

Your spell library contained the following spells:

 Spells                   Type           Power      Damage    Failure   Level
 Magic Dart               Conj           44%        1d5       5%          1
 Necrotise                Necr           4%         1d4       24%         1
 Summon Small Mammal      Summ           4%         N/A       24%         1
 Hailstorm                Conj/Ice       6%         3d4       32%         3
 Sublimation of Blood     Necr           1%         N/A       34%         2
 Confusing Touch          Hex            1%         N/A       56%         3
 Fulminant Prism          Conj/Hex       3%         3d5       73%         4
 Dispel Undead            Necr           1%         3d6       93%         4
 Petrify                  Tmut/Erth      1%         N/A       93%         4
 Irradiate                Conj/Tmut      3%         3d12      97%         5
 Yara's Violent Unravell  Hex/Tmut       0%         3d3       100%        5
 Enfeeble                 Hex            0%         N/A       100%        7


Dungeon Overview and Level Annotations

Branches:
Dungeon (6/15)
 Temple: D:4-7

Altars:
Elyvilon
Makhleb
Sif Muna
Uskayaw
Wu Jian
Xom
Zin

Shops:
D:1 (?[![   D:4 [


Innate Abilities, Weirdness & Mutations

You can breathe blasts of fire.
Your fiery red scales are hard. (AC +7)
You cannot fit into any form of body armour.
Your flesh is heat resistant. (rF+)
You are cold-blooded and may be slowed by cold attacks.


Message History

You tail-slap the wight, but do no damage.
The wight is heavily damaged.
The wight hits you with a +0 great sword.
You partially resist.
You feel drained.
You hit the wight but do no damage.
The wight is moderately damaged.
You hit the wight.
You tail-slap the wight, but do no damage.
The wight is heavily damaged.
The wight hits you with a +0 great sword!
You barely miss the wight.
The wight is heavily damaged.
The wight hits you with a +0 great sword!
* * * LOW HITPOINT WARNING * * *
You hit the wight but do no damage.
The wight is heavily damaged.
Casting: Searing Ray (safe; 8% risk of failure)
Confirm with . or Enter, or press ? or * to list all spells.
Aiming: Searing Ray (safe; 8% risk of failure)
Press: ? - help, Shift-Dir - straight line, f - wight
Aim: a wight, wielding a +0 great sword and wearing a +0 robe (heavily damaged, 76% to hit)
You miscast Searing Ray.
You are very lightly contaminated with residual magic.
Nothing appears to happen.
The wight closely misses you.
The wight hits you with a +0 great sword!
* * * LOW HITPOINT WARNING * * *
You partially resist.
You feel drained.
* * * LOW HITPOINT WARNING * * *
The wight misses you.
The wight hits you with a +0 great sword!
* * * LOW HITPOINT WARNING * * *
The wight barely misses you.
Okay, then.
As you read the scroll of teleportation, it crumbles to dust.
You feel strangely unstable. The wight closely misses you.
The wight attacks as you move away! The wight closely misses you.
Your magical contamination has completely faded away.
The wight attacks as you move away!
The wight hits you with a +0 great sword!!
You die...

########..#...#)#
#.#.............#)#
#.......#.#.#.###.####
###.###.#..<........))
#.........###.####
#.#.#...)......... #
#z#.#....#########
###.#z#.#.............
#....@..#.#..#########
#....>..............[...
###.####..####.#########
# ...# #.# .## #.# .#
#.# #########.#
#.........#
#.############


You could see 2 wights.

Vanquished Creatures
  Eustachio (D:5)
  2 water moccasins
  An ice beast (D:6)
  2 black bears
  An ogre (D:6)
  A centaur (D:5)
  A phantom (D:6)
  Blork the orc (D:5)
  A gnoll sergeant (D:5)
  2 scorpions
  3 wights (D:6)
  3 howler monkeys
  A jelly (D:6)
  A gnoll bouda (D:5)
  4 hounds
  2 orc priests (D:5)
  Crazy Yiuf (D:3)
  3 iguanas
  2 orc wizards
  10 gnolls (D:5)
  8 adders
  A shadow imp (D:6)
  2 worms (D:4)
  3 dart slugs
  10 orcs
  3 endoplasms
  2 giant cockroaches
  5 goblins
  6 hobgoblins
  7 quokkas
  6 ball pythons
  4 bats
  6 frilled lizards
  6 kobolds
  6 rats
118 creatures vanquished.

Vanquished Creatures (others)
  12 plants (D:5)
12 creatures vanquished.

Grand Total: 130 creatures vanquished

Notes
Turn   | Place    | Note
-------+----------+-------------------------------------------
     0 | D:1      | Strat the Draconian Reaver began the quest for the Orb.
     0 | D:1      | Reached XP level 1. HP: 17/17 MP: 3/3
   150 | D:1      | Reached XP level 2. HP: 13/24 MP: 5/5
   199 | D:1      | Learned a level 2 spell: Momentum Strike
   248 | D:1      | Found Roecvy's Antique Weapon Emporium.
   315 | D:1      | Found Deryoth's Distillery.
   322 | D:1      | Found Ukhly's Armour Emporium.
   345 | D:1      | Found Tom Esia's Antique Armour Shop.
   409 | D:1      | Found Fawnocer's Magic Scroll Shop.
   414 | D:1      | Bought a scroll of identify for 24 gold pieces
   773 | D:1      | Reached skill level 4 in Short Blades
  1055 | D:2      | Reached XP level 3. HP: 29/29 MP: 6/6
  1121 | D:2      | Found a faded altar of an unknown god.
  1129 | D:2      | Got Plato's Collected Works on Bolts
  1687 | D:3      | Found a runed translucent door.
  1688 | D:3      | Noticed Crazy Yiuf
  1857 | D:3      | Found an ornate altar of the Wu Jian Council.
  1915 | D:3      | Noticed a spectral centipede
  1915 | D:3      | Noticed a spectral black mamba
  1915 | D:3      | Noticed a spectral scorpion
  1915 | D:3      | Noticed a spectral cane toad
  2289 | D:3      | Reached skill level 5 in Short Blades
  2289 | D:3      | Reached XP level 4. HP: 36/36 MP: 4/7
  2353 | D:3      | Learned a level 2 spell: Searing Ray
  2978 | D:3      | Killed Crazy Yiuf
  3028 | D:4      | Found a shimmering altar of Xom.
  3121 | D:4      | Reached skill level 6 in Short Blades
  3121 | D:4      | Reached XP level 5. HP: 36/41 MP: 8/8
  3508 | D:4      | Found Senetome's Armour Shop.
  3541 | D:4      | Noticed a black bear
  3565 | D:4      | Killed a black bear
  3566 | D:4      | Reached XP level 6. HP: 43/51 MP: 1/9
  3752 | D:4      | Found a burning altar of Makhleb.
  3907 | D:3      | Became a worshipper of the Wu Jian Council
  3929 | D:5      | Entered Level 5 of the Dungeon
  3967 | D:5      | Noticed a water moccasin
  4486 | D:5      | Reached skill level 1 in Stealth
  4537 | D:5      | Found a shimmering blue altar of Sif Muna.
  4660 | D:5      | Your scales start taking on a fiery red colour.
  4660 | D:5      | Reached XP level 7. HP: 44/59 MP: 7/10
  4660 | D:5      | Gained mutation: Your flesh is heat resistant. (rF+) [Red
                  | Draconian growth]
  4769 | D:5      | Noticed Blork the orc
  4816 | D:5      | Killed Blork the orc
  4817 | D:5      | Reached skill level 7 in Short Blades
  5004 | D:5      | Noticed Eustachio
  5122 | D:5      | Killed Eustachio
  5239 | D:5      | Reached XP level 8. HP: 66/66 MP: 8/11
  5265 | D:5      | Learned a level 1 spell: Apportation
  5282 | D:5      | Reached * piety under Wu Jian
  5283 | D:5      | Reached skill level 8 in Short Blades
  5711 | D:5      | Reached skill level 5 in Stealth
  5866 | D:5      | Found a hide-covered altar of Uskayaw.
  5866 | D:5      | Found a glowing silver altar of Zin.
  5867 | D:5      | Found a white marble altar of Elyvilon.
  5941 | D:5      | Identified the +1 dire flail "Erym" {freeze, *Rage Fly
                  | Dex+2 Stlth+}
  6380 | D:6      | Reached skill level 9 in Short Blades
  6992 | D:6      | Reached XP level 9. HP: 59/71 MP: 12/12
  7107 | D:6      | Mangled by a wight

Illustrated notes

Levels and vault maps discovered:
D:1:      nzn_arrival_crosshair, layout_basic, serial_shops,
          nicolae_shop_hallway_stairs, nicolae_shop_overgrown_old_shop,
          nicolae_shop_trees, nicolae_shop_behind_doors, shop
D:2:      layout_basic, shapermc_ecumenical_altar_rom_forum
D:3:      layout_basic, pdpol_wu_jian_five_deadly_venoms,
          nicolae_figureground_pulse, uniq_crazy_yiuf_cottage
D:4:      layout_rooms, xom_butterflies, marbit_many_paths, serial_shops, shop
D:5:      layout_rooms, gammafunk_temple_overflow_claw, tgw_sif,
          guppyfry_early_lair_pool, uniq_eustachio, uniq_blork_the_orc
D:6:      layout_basic, fedhas_altar_fruit_tree

Skill      XL: |  1  2  3  4  5  6  7  8 |
---------------+-------------------------+-----
Short Blades   | 4 5 6 7 9 |  9.4
Fighting       | 3 4 |  4.0
Stealth        | 2 4 6 |  6.7
Dodging        | |  1.7
Spellcasting   | |  2.0
Conjurations   | |  3.7

Action                     |  1- 3 |  4- 6 |  7- 9 || total
---------------------------+-------+-------+-------++-------
  Melee: Short sword       |   208 |   100 |   266 ||   574
         Tailslap          |    24 |    10 |    43 ||    77
         Punch             |     1 |     1 |     7 ||     9
   Cast: Momentum Strike   |     1 |    11 |    10 ||    22
         Kiss of Death     |       |     2 |     1 ||     3
         Searing Ray       |       |     1 |    11 ||    12
Ability: Lunge             |       |     1 |    16 ||    17
         Whirlwind         |       |       |    11 ||    11
    Use: Scroll            |    10 |     4 |     5 ||    19
         Potion            |       |       |     5 ||     5
   Stab: Sleeping          |     1 |       |     3 ||     4
         Invisible         |       |       |     2 ||     2
         Distracted        |       |       |     1 ||     1
 Armour: Skin              |    56 |    25 |    75 ||   156
  Dodge: Dodged            |   121 |    53 |   170 ||   344

Table legend: (Time is in decaauts)
 A = Elapsed time spent in this place.
 B = Non-inter-level travel time spent in this place.
 C = Inter-level travel time spent in this place.
 D = Time resting spent in this place.
 E = Time spent auto-exploring this place.
 F = Levels seen in this place.
 G = Mean time per level.
                   A        B        C        D        E       F      G
               +--------+--------+--------+--------+--------+-----+--------+
         Total |   6956 |   6672 |    284 |   1524 |   3736 |   6 | 1159.3 |
       Dungeon |   6956 |   6672 |    284 |   1524 |   3736 |   6 | 1159.3 |
               +--------+--------+--------+--------+--------+-----+--------+

Top non-repeatable levels by time:
     D:5: 1623 daAuts
     D:3: 1415 daAuts
     D:4: 1227 daAuts
     D:6: 1091 daAuts
     D:1: 987 daAuts
     D:2: 612 daAuts
